 Dungeon Crawl Stone Soup version 0.18.0-2-g198d6d4 (webtiles) character file.

39 imoen the Insei (level 3, -3/19 HPs)
             Began as a Vine Stalker Monk on May 5, 2016.
             Slain by Purgy (8 damage)
             ... in a sewer.
             The game lasted 00:04:59 (584 turns).

imoen the Insei (Vine Stalker Monk)                  Turns: 584, Time: 00:04:59

Health: -3/19      AC:  2    Str: 11 (13) XL:     3   Next: 47%
Magic:  0/4        EV: 13    Int:  5 (8)  God:
Gold:   62         SH:  0    Dex: 15 (17) Spells: 0 memorised, 2 levels left

rFire  . . .     SeeInvis .       - Unarmed
rCold  . . .     Gourm    .     a - +0 robe
rNeg   . . .     Faith    .     (no shield)
rPois  .         Spirit   +     (no helmet)
rElec  +         Dismiss  .     (no cloak)
rCorr  .         Reflect  .     (no gloves)
SustAt .         Harm     .     (no boots)
MR     .....                    (no amulet)
Stlth  ++........               (no ring)
                                (no ring)

@: flying, very slightly contaminated, invisible, not resistant to hostile
enchantments, unstealthy
A: fangs 2, dopey 1, regeneration 1, electricity resistance, magic shield,
antimagic bite, no device heal 3, rot immunity
a: no special abilities


You were in a sewer.
You were not hungry.

You visited 1 branch of the dungeon, and saw 3 of its levels.
You also visited: Sewer.

You collected 62 gold pieces.

Inventory:

Armour
 a - a +0 robe (worn)
Scrolls
 c - a scroll of fog
 e - a scroll of remove curse
 f - a scroll of teleportation {unknown}
 h - a scroll of identify {unknown}
Potions
 d - a potion of mutation
Comestibles
 b - a bread ration
 g - a royal jelly


   Skills:
 - Level 2.6 Fighting
 - Level 2.4 Dodging
 - Level 2.4 Stealth
 + Level 5.1 Unarmed Combat


You had 2 spell levels left.
You didn't know any spells.

Dungeon Overview and Level Annotations

Branches:
Dungeon (3/15)

Altars:
Ru

Annotations:
D:3 ThereIsNoGod's ghost, amateur OpAs Sewer Purgy


Innate Abilities, Weirdness & Mutations

You have extremely sharp teeth.
Your natural rate of healing is unusually fast.
When hurt, damage is shared between your health and your magic reserves.
Your bite disrupts and absorbs the magic of your enemies.
Potions and wands cannot restore your health.
You are immune to rotting.
You are dopey. (Int -2)
You are resistant to electric shocks.


Message History

You closely miss the kobold. You bite the kobold, but do no damage.
You hit the kobold.
You kill the kobold!
The kobold throws a stone.
The stone misses you.
You closely miss the kobold. Your bite misses the kobold. The kobold hits you.
You hit the kobold.
You kill the kobold!
You closely miss the kobold. Your bite misses the kobold.
The kobold hits you but does no damage.
You closely miss the kobold. You bite the kobold. You drain its power.
The kobold barely misses you.
You hit the kobold.
You kill the kobold!
Things that are here:
a short sword; a kobold corpse
Items here: ( ) ††† 5 stones; a whip; a kobold corpse x2; a jackal corpse
f - a scroll labeled NEIMIJ GAGUSEA
j - a cyan potion
k - a bubbling emerald potion Health restored: 19
d - 2 murky ruby potions (gained 1)
You enter the shallow water.
Moving in this stuff is going to be slow.
You enter the shallow water.
Moving in this stuff is going to be slow.
You enter the shallow water.
Moving in this stuff is going to be slow.
You enter the shallow water.
Moving in this stuff is going to be slow.
You enter the shallow water.
Moving in this stuff is going to be slow.
You enter the shallow water.
Moving in this stuff is going to be slow.
Purgy the Meek comes into view.
Purgy shouts!
Drink which item? (? for menu, Esc to quit)
It was a potion of mutation.
You feel extremely strange.
You feel insulated.
You feel stupid. Purgy bites you!
* * * LOW HITPOINT WARNING * * *
Purgy claws you. x2
* * * LOW HITPOINT WARNING * * *
You take 8 damage, and have 11/19 hp.
MASSIVE DAMAGE!!
You now have 1/4 mp.
Unknown command.
Drink which item? (? for menu, Esc to quit)
It was a potion of flight.
You feel very buoyant.
You fly up into the air.
Purgy closely misses you. Purgy claws you.
* * * LOW HITPOINT WARNING * * *
Purgy claws you.
* * * LOW HITPOINT WARNING * * *
You take 4 damage, and have 10/19 hp.
MASSIVE DAMAGE!!
You now have 1/4 mp.
Drink which item? (? for menu, Esc to quit)
It was a potion of invisibility.
You fade into invisibility!
You are very lightly contaminated with residual magic.
Unknown command.
You closely miss Purgy. You bite Purgy. You drain his power.
You feel invigorated. MP restored: 4 Purgy misses you.
Purgy closely misses you. Purgy misses you.
You barely miss Purgy. Your bite misses Purgy. Purgy barely misses you.
Purgy misses you. Purgy closely misses you.
You strike the helpless Purgy from behind!
You punch Purgy! Purgy misses you. Purgy completely misses you.
Purgy claws you.
* * * LOW HITPOINT WARNING * * *
You take 2 damage, and have 11/19 hp.
You strike the helpless Purgy from behind!
You punch Purgy! Purgy bites you.
* * * LOW HITPOINT WARNING * * *
Purgy barely misses you. Purgy claws you.
* * * LOW HITPOINT WARNING * * *
You take 2 damage, and have 9/19 hp.
You now have 2/4 mp.
Drink which item? (? for menu, Esc to quit)
It was a potion of degeneration.
There was something very wrong with that liquid.
You feel weakened.
You feel dopey.
You feel clumsy. Purgy bites you.
* * * LOW HITPOINT WARNING * * *
Purgy barely misses you. Purgy completely misses you.
You take 4 damage, and have 5/19 hp.
MASSIVE DAMAGE!!
You now have 2/4 mp.
You completely miss Purgy. Your bite misses Purgy. Purgy barely misses you.
Purgy claws you.
* * * LOW HITPOINT WARNING * * *
Purgy barely misses you.
You now have 1/4 mp.
Unknown command.
You catch the helpless Purgy completely off-guard!
You hit Purgy. Your bite misses Purgy. Purgy bites you!
You die...

###########
#####....#..(.#
#........#.∩∩.#
#...#....#...(#
#######..#..###
#####...()†.####
#≈≈≈≈≈≈≈≈≈≈≈≈≈≈#
#####..≈@...####
####T#### #.#
##≈## #.≈.#
##≈..## #..≈..#
##≈..≈.#
#...#...#


You could see Purgy.

Vanquished Creatures
  2 river rats
  A dart slug (D:2)
  2 giant cockroaches (D:3)
  5 jackals
  4 kobolds
  3 ball pythons (D:3)
  3 giant newts (D:2)
20 creatures vanquished.

Notes
Turn   | Place    | Note
--------------------------------------------------------------
     0 | D:1      | imoen the Vine Stalker Monk began the quest for the Orb.
     0 | D:1      | Reached XP level 1. HP: 11/11 MP: 2/2
    13 | D:1      | You fall through a shaft!
   132 | D:3      | Noticed ThereIsNoGod's ghost (amateur OpAs)
   194 | D:2      | HP: 2/11 [worm (9)]
   215 | D:2      | You fall through a shaft!
   234 | D:3      | Found a glowing drain.
   250 | D:3      | Reached XP level 2. HP: 16/16 MP: 3/3
   263 | D:3      | HP: 1/16 [river rat (10)]
   302 | D:2      | Found a sacrificial altar of Ru.
   349 | D:3      | HP: 3/16 [river rat (5)]
   367 | D:2      | Reached XP level 3. HP: 9/19 MP: 4/4
   423 | D:3      | HP: 3/19 [river rat (7)]
   452 | D:3      | Reached skill level 5 in Unarmed Combat
   481 | Sewer    | Entered a sewer
   548 | Sewer    | Noticed Purgy
   554 | Sewer    | Gained mutation: You are resistant to electric shocks. [potion of mutation]
   554 | Sewer    | Gained mutation: You are dopey. (Int -2) [potion of mutation]
   584 | Sewer    | Slain by Purgy

Skill      XL: |  1  2  3 |
---------------+----------+-----
Unarmed Combat | 5 |  5.1
Fighting       | |  2.6
Dodging        | |  2.4
Stealth        | |  2.4

Action                   || total
-------------------------++-------
Melee: Unarmed           ||    79
       Bite              ||    24
       Punch             ||     1
  Use: Scroll            ||     2
       Potion            ||     4
 Stab: Sleeping          ||     3
       Invisible         ||     3
Armor: Robe              ||    14
Dodge: Dodged            ||    76

Vault maps used:
D:1:      minmay_arrival_hallway
D:2:      nicolae_overflow_hidden_temple, nicolae_gozag_zags_fifth_avenue
D:3:      lemuel_coloured_pillars_altar, portal_sewer_entry_c,
          uniq_crazy_yiuf_cottage
Sewer:    sewer_the_crocodile

Table legend:
 A = Turns spent in this place as a percentage of turns spent in the entire game.
 B = Non-inter-level travel turns spent in this place as a percentage of non-inter-level travel turns spent in the entire game.
 C = Inter-level travel turns spent in this place as a percentage of turns spent in this place.
 D = Turns resting spent in this place as a percentage of non-inter-level travel turns spent in this place.
 E = Turns spent auto-exploring this place as a percentage of non-inter-level travel turns spent in this place.
 F = Non-inter-level travel turns spent in this place divided by the number of levels of this place that you've seen.
                   A       B       C       D       E      F
               +-------+-------+-------+-------+-------+----------------------
         Total | 100.0 | 100.0 |   0.0 |   1.2 |   0.0 | 129.0
       Dungeon |  79.5 |  79.5 |   0.0 |   1.5 |   0.0 | 136.7
         Sewer |  20.5 |  20.5 |   0.0 |   0.0 |   0.0 | 106.0
               +-------+-------+-------+-------+-------+----------------------

Table legend:
 A = Kills in this place as a percentage of kills in entire the game.
 B = Kills by you in this place as a percentage of kills by you in the entire game.
 C = Kills by friends in this place as a percentage of kills by friends in the entire game.
 D = Other kills in this place as a percentage of other kills in the entire game.
 E = Experience gained in this place as a percentage of experience gained in the entire game.
 F = Experience gained in this place divided by the number of levels of this place that you have seen.
                   A       B       C       D       E      F
               +-------+-------+-------+-------+-------+----------------------
         Total | 100.0 | 100.0 |  -nan |  -nan | 100.0 |  14.2
       Dungeon |  75.0 |  75.0 |  -nan |  -nan |  86.0 |  16.3
         Sewer |  25.0 |  25.0 |  -nan |  -nan |  14.0 |   8.0
               +-------+-------+-------+-------+-------+----------------------
